 Dungeon Crawl Stone Soup version 0.22-a0-305-gd21a89c (webtiles) character file.

69 grindst0ne the Skirmisher (level 4, -14/37 HPs)
             Began as a Mummy Fighter on Mar 31, 2018.
             Demolished by Sigmund
             ... wielding a +0 scythe of flaming
              (15 damage)
             ... on level 3 of the Dungeon.
             The game lasted 00:02:37 (1595 turns).

grindst0ne the Skirmisher (Mummy Fighter)           Turns: 1595, Time: 00:02:38

Health: -14/37     AC:  3    Str: 20    XL:     4   Next: 2%
Magic:  4/4        EV:  8    Int:  7    God:
Gold:   170        SH:  9    Dex: 11    Spells: 3/3 levels left

rFire    x . .     SeeInvis .   a - +1 war axe
rCold    + . .     Gourm    .   c - +0 shield
rNeg     + + +     Faith    .   g - +0 leather armour (curse)
rPois    ∞         Spirit   .   (no helmet)
rElec    .         Reflect  .   (no cloak)
rCorr    .         Harm     .   (no gloves)
MR       .....                  (no boots)
Stlth    +.........             (no amulet)
HPRegen  0.12/turn              (no ring)
MPRegen  0.09/turn              (no ring)

@: no status effects
A: no food or potions, fire vulnerability, cold resistance 1, negative energy
resistance 3, torment resistance, unbreathing
a: no special abilities


You were on level 3 of the Dungeon.
You were not hungry.

You visited 1 branch of the dungeon, and saw 3 of its levels.

You collected 170 gold pieces.

Inventory:

Hand Weapons
 a - a +1 war axe (weapon)
 i - a +0 mace
 j - a +0 blowgun
Armour
 b - a +0 scale mail
 c - a +0 shield (worn)
 g - a cursed +0 leather armour (worn)
Scrolls
 d - a scroll of identify
 e - a scroll of immolation
 f - a scroll of random uselessness {unknown}
 h - a scroll of noise {unknown}


   Skills:
 + Level 3.7 Fighting
 - Level 1.5 Axes
 + Level 3.0 Armour
 + Level 3.0 Shields


You had 3 spell levels left.
You didn't know any spells.

Dungeon Overview and Level Annotations

Branches:
Dungeon (3/15)

Altars:

Annotations:
D:3 Sigmund


Innate Abilities, Weirdness & Mutations

You do not eat or drink.
Your flesh is vulnerable to fire.
You are immune to poison.
Your flesh is cold resistant. (rC+)
You are immune to negative energy. (rN+++)
You are immune to unholy pain and torment.
You can survive without breathing.


Message History

Something burns you.
A magic dart appears from out of thin air!
The magic dart hits you!
A magic dart appears from out of thin air!
The magic dart hits you!
* * * LOW HITPOINT WARNING * * *
You see here 14 gold pieces.
You now have 170 gold pieces (gained 14).
A giant cockroach comes into view.
You slash the giant cockroach!
You kill the giant cockroach!
Sigmund hits you with a scythe of flaming!
* * * LOW HITPOINT WARNING * * *
Sigmund burns you.
* * * LOW HITPOINT WARNING * * *
You see here a giant cockroach corpse.
You slash Sigmund!
Sigmund is moderately wounded.
Sigmund hits you with a scythe of flaming!
You die...

.# #.#.##..###..
.######.#.# #...[ ..
........#.# .###...
.#####..#.# .# #.. .#
#..#.##..####.# .#
#..#.......$..# .#
#........####.# .#
#.######.####.######. .#
#.# #...@@........ .# #.#
######.###### .# #.# #.#
†# #.###########@######
.## #.........{..........
..####.###################
.......# .......# ...#####


You could see Sigmund.

Vanquished Creatures
  Terence (D:2)
  A worm (D:2)
  A dart slug (D:3)
  9 bats
  4 giant cockroaches
  5 goblins
  5 hobgoblins
  3 kobolds
  A quokka (D:2)
  5 frilled lizards
  6 rats
41 creatures vanquished.

Notes
Turn   | Place    | Note
-------+----------+-------------------------------------------
     0 | D:1      | grindst0ne the Mummy Fighter began the quest for the Orb.
     0 | D:1      | Reached XP level 1. HP: 18/18 MP: 1/1
   155 | D:1      | Reached XP level 2. HP: 22/24 MP: 2/2
   714 | D:2      | Found a faded altar of an unknown god.
   936 | D:2      | Reached XP level 3. HP: 29/29 MP: 3/3
   985 | D:2      | Noticed Terence
   991 | D:2      | Killed Terence
  1546 | D:3      | Reached XP level 4. HP: 37/37 MP: 4/4
  1549 | D:3      | Noticed Sigmund
  1594 | D:3      | HP: 1/37 [Sigmund/scythe of flaming (3)]
  1595 | D:3      | Demolished by Sigmund

Vault maps used:
D:1:      nagdon_arrival_double_spiral
D:2:      chequers_ecumenical_altar_simple_redux, minmay_crystal_water,
          uniq_terence
D:3:      uniq_natasha, uniq_sigmund, uniq_grinder

Skill      XL: |  1  2  3 |
---------------+----------+-----
Armour         | 3 |  3.0
Shields        | 3 |  3.0
Fighting       | |  3.7
Axes           | |  1.5

Action                   |  1- 3 |  4- 6 || total
-------------------------+-------+-------++-------
Melee: War axe           |   114 |     3 ||   117
 Fire: Blowgun           |       |     4 ||     4
  Use: Scroll            |     4 |       ||     4
 Stab: Sleeping          |     1 |       ||     1
Armor: Scale mail        |    16 |       ||    16
       Leather armour    |    32 |       ||    32
Dodge: Dodged            |    45 |       ||    45
Block: Shield            |    61 |     2 ||    63

Table legend:
 A = Spawn XP
 B = Non-spawn XP
 C = Spawn XP percentage of total XP
 D = Spawn monster count
 E = Non-spawn monster count
 F = Spawn count percentage of total count
 G = Total turns spent on level
                    A         B        C        D         E        F      G
               +---------+---------+-------+---------+---------+-------+---------
         Total |       0 |      99 |   0.0 |       0 |      41 |   0.0 |  1595
               +---------+---------+-------+---------+---------+-------+---------
           D:1 |       0 |      35 |   0.0 |       0 |      23 |   0.0 |   669
           D:2 |       0 |      55 |   0.0 |       0 |      14 |   0.0 |   772
           D:3 |       0 |       9 |   0.0 |       0 |       4 |   0.0 |   154
               +---------+---------+-------+---------+---------+-------+---------
